AoeStats
← Abdusancak

Hideout

507520563Analyzed
1v1 RM · 14d ago on Sep 18, 2026· 44m 48s· 2 players
Game mode
Random Map
Map size
Tiny (2 player)
Population
200
Speed
Normal
Resources
Standard
Victory
Conquest
Starting age
Dark Age
Ending age
Imperial Age
RankedLock teamsTeams togetherTeam positionsShared explorationLock speedFull tech treeHidden civsTurbo modeCheats
Victory
Defeat
🇨🇴 Poles · Colombia
741
+17
🇹🇷 Slavs · Türkiye
756
-17
SAXES27
9:57 Feudal Age
10:50 Double-Bit Axe
11:38 Horse Collar
17:14 Castle Age
16:37 Stone Mining
17:32 Fletching
22:33 Bodkin Arrow
25:59 Heavy Plow
27:42 Wheelbarrow
29:13 Padded Archer Armor
33:52 Imperial Age
32:56 Bow Saw
35:09 Hand Cart
37:08 Bracer
37:33 Leather Archer Armor
37:08 Heavy Cavalry Archer
Abdusancak
11:10 Feudal Age
13:03 Wheelbarrow
12:45 Horse Collar
18:55 Castle Age
19:40 Scale Barding Armor
20:34 Heavy Plow
26:48 Fletching
27:35 Bodkin Arrow
27:43 Padded Archer Armor
27:22 Elite Skirmisher
30:09 Leather Archer Armor
30:21 Detinets
33:48 Ballistics
33:42 Masonry
34:11 Gold Mining
39:53 Imperial Age
37:12 Loom
41:23 Ring Archer Armor
43:02 Double-Bit Axe
43:31 Bloodlines
42:42 Light Cavalry
Connection lost

Rejoining the realm…

Still unreachable

The connection could not be restored.

Session expired

The server has moved on; the page needs a fresh start.